 Dungeon Crawl Stone Soup version 0.30-a0-738-g116ff8c4af (webtiles) character file.

Game seed: 7320695710857599306

120 greenreed the Insei (level 5, -3/40 HPs)
             Began as a Djinni Monk on Feb 3, 2023.
             Slain by Natasha (7 damage)
             ... on level 2 of the Dungeon.
             The game lasted 00:05:08 (1853 turns).

greenreed the Insei (Djinni Monk)                   Turns: 1853, Time: 00:05:08

Health: -3/40      AC:  2    Str: 12    XL:     5   Next: 25%
Gold:   56         EV: 14    Int: 11    God:
                   SH:  0    Dex: 16

rFire   + + .      SeeInvis .      - Unarmed
rCold   x . .      Faith    .    (no shield)
rNeg    . . .      Spirit   .    a - +0 robe
rPois   ∞          Reflect  .    (no helmet)
rElec   .          Harm     .    (no cloak)
rCorr   .          Rampage  .    (no gloves)
Will    .....                    (boots unavailable)
Stlth   ++                       (no amulet)
HPRegen 0.26/turn                g - +4 ring of slaying
MPRegen 0.00/turn                (no ring)

@: flying
A: sickness immunity, fire resistance 2, cold vulnerability 1, float, innate
caster, HP casting, extra vitality 1
a: no special abilities


You were on level 2 of the Dungeon.
You visited 1 branch of the dungeon, and saw 2 of its levels.

You collected 68 gold pieces.
You spent 12 gold pieces at shops.

Inventory:

Armour
 a - a +0 robe (worn)
Jewellery
 g - a +4 ring of slaying (left hand)
Scrolls
 d - 4 scrolls of identify {unknown}
 e - 2 scrolls of enchant armour {unknown}
 f - a scroll of poison {unknown}
 i - a scroll of fear {unknown}
 k - a scroll of immolation {unknown}
Potions
 b - a potion of ambrosia
 c - a potion of curing
 h - a potion of mutation {unknown}
 j - a potion of magic {unknown}


   Skills:
 * Level 3.3 Fighting
 + Level 4.1 Dodging
 + Level 1.8 Stealth
 * Level 4.2 Unarmed Combat
 * Level 1.1 Spellcasting


You had 3 spell levels left.
You knew the following spells:

 Your Spells              Type           Power      Damage    Failure   Level
a - Sting                 Tmut/Pois      12%        1d3       21%         1
b - Scorch                Fire           6%         2d5       30%         2
Your spell library was empty.

Dungeon Overview and Level Annotations

Branches:
Dungeon (2/15)

Altars:

Shops:
D:2 !*

Annotations:
D:2 Natasha


Innate Abilities, Weirdness & Mutations

You are immune to sickness and miasma.
You are immune to poison.
Your flesh is very heat resistant. (rF++)
You are vulnerable to cold. (rC-)
You float through the air rather than walking.
You learn spells naturally, not from books.
Your magical power is your life essence.
You have superior vitality. (+4 MHP)


Message History

You hit Natasha.
Natasha is heavily wounded.
Natasha claws you!
You are too injured to fight recklessly!
You are too injured to fight recklessly!
You closely miss Natasha.
Natasha is heavily wounded.
Natasha completely misses you.
You closely miss Natasha.
Natasha is heavily wounded.
Natasha wildly gestures.
Natasha glows brightly for a moment.
Natasha closely misses you.
You closely miss Natasha.
Natasha is heavily wounded.
Natasha claws you.
* * * LOW HITPOINT WARNING * * *
You miss Natasha.
Natasha is heavily wounded.
Natasha casts a spell.
You closely miss Natasha.
Natasha is heavily wounded.
Natasha mumbles some strange words.
The crimson imp hits you but does no damage.
You hit Natasha.
Natasha is heavily wounded.
Natasha drinks a potion.
Natasha is healed!
You barely miss Natasha. The crimson imp barely misses you.
The white imp gestures at you. The puff of frost misses you.
Natasha misses you.
You hit Natasha.
Natasha is moderately wounded.
The crimson imp laughs crazily.
The crimson imp closely misses you.
The white imp summons a swarm of flies.
The white imp gestures at you. The puff of frost hits you!
You feel a terrible chill!
* * * LOW HITPOINT WARNING * * *
Natasha claws you!
You die...

##.#)#.#.####.#.##....###.#
#>.........................
#....###.####.#.##.#.####.#
######........# #.#.#..#.####.#
##........#########.#....#....#.#
.....###∩...........###..#....#.#
.....###.##..............+......#
.........###....55.####.##....###
.....###.......h@................
.....###'###.###.........########
.............# #.........# #####
.............# #.........# #....
.............# #...).....# #....
............## ######.#### #....
............# #.#######....
#####.......# ###.......#....
###############...)..........


You could see Natasha, a crimson imp (summoned) and a white imp (summoned).

Vanquished Creatures
  Natasha (twice) (D:2)
  An adder (D:2)
  A worm (D:2)
  3 dart slugs
  4 ball pythons
  A bat (D:1)
  7 endoplasms
  3 giant cockroaches (D:1)
  7 goblins
  2 hobgoblins
  3 jackals (D:1)
  6 kobolds
  2 quokkas
  A frilled lizard (D:1)
  6 rats
49 creatures vanquished.

Notes
Turn   | Place    | Note
-------+----------+-------------------------------------------
     0 | D:1      | greenreed the Djinni Monk began the quest for the Orb.
     0 | D:1      | Reached XP level 1. HP: 20/20 MP: 0/0
   118 | D:1      | Reached XP level 2. HP: 23/25 MP: 0/0
   519 | D:1      | Reached XP level 3. HP: 25/30 MP: 0/0
   519 | D:1      | Learned a level 1 spell: Sting
  1182 | D:2      | Found Nemi's Distillery.
  1248 | D:2      | Reached XP level 4. HP: 30/35 MP: 0/0
  1649 | D:2      | Found Tiuqeixi's General Store.
  1654 | D:2      | Bought a scroll of noise for 12 gold pieces
  1684 | D:2      | Noticed Natasha
  1691 | D:2      | Killed Natasha
  1692 | D:2      | Reached skill level 1 in Spellcasting
  1720 | D:2      | Noticed Natasha
  1734 | D:2      | Killed Natasha
  1735 | D:2      | Reached XP level 5. HP: 24/40 MP: 0/0
  1735 | D:2      | Learned a level 2 spell: Scorch
  1835 | D:2      | Noticed Natasha
  1853 | D:2      | Slain by Natasha

Illustrated notes

Levels and vault maps discovered:
D:1:      dpeg_arrival_more_subterranean_lakeside_camping, layout_basic,
          grunt_decor_mini_mirrors, serial_bayou_pond_b
D:2:      layout_basic, serial_shops, shop, nicolae_shop_statue_plus,
          uniq_natasha

Skill      XL: |  1  2  3  4 |
---------------+-------------+-----
Unarmed Combat | 4 |  4.2
Spellcasting   | 1 |  1.1
Dodging        | 4 |  4.1
Fighting       | |  3.3
Stealth        | |  1.8

Action                     |  1- 3 |  4- 6 || total
---------------------------+-------+-------++-------
  Melee: Unarmed           |   116 |    43 ||   159
         Punch             |     3 |       ||     3
   Cast: Sting             |    17 |    17 ||    34
   Stab: Sleeping          |     3 |       ||     3
 Armour: Robe              |    20 |     3 ||    23
  Dodge: Dodged            |    68 |    20 ||    88

Table legend: (Time is in decaauts)
 A = Elapsed time spent in this place.
 B = Non-inter-level travel time spent in this place.
 C = Inter-level travel time spent in this place.
 D = Time resting spent in this place.
 E = Time spent auto-exploring this place.
 F = Levels seen in this place.
 G = Mean time per level.
                   A        B        C        D        E       F      G
               +--------+--------+--------+--------+--------+-----+--------+
         Total |   1840 |   1773 |     67 |     80 |   1347 |   2 |  920.0 |
       Dungeon |   1840 |   1773 |     67 |     80 |   1347 |   2 |  920.0 |
               +--------+--------+--------+--------+--------+-----+--------+

Top non-repeatable levels by time:
     D:2: 924 daAuts
     D:1: 916 daAuts
